 Dungeon Crawl Stone Soup version 0.22.1-1-ga44c0e56f4 (webtiles) character file.

263 AxeAttX the Chopper (level 6, -6/42 HPs)
             Began as an Octopode Monk on Nov 1, 2018.
             Mangled by an ogre
             ... wielding a +0 giant spiked club
              (33 damage)
             ... on level 4 of the Dungeon.
             The game lasted 00:05:49 (3112 turns).

AxeAttX the Chopper (Octopode Monk)                 Turns: 3112, Time: 00:05:50

Health: -6/42      AC:  1    Str: 10    XL:     6   Next: 19%
Magic:  6/6        EV: 12    Int: 13    God:
Gold:   199        SH:  7    Dex: 16    Spells: 5/5 levels left

rFire    . . .     SeeInvis .   a - +0 hand axe
rCold    + . .     Gourm    .   u - +0 shield
rNeg     . . .     Faith    .   (helmet restricted)
rPois    .         Spirit   .   (no amulet)
rElec    .         Reflect  .   c - ring of protection from cold
rCorr    .         Harm     .   (no ring)
MR       .....                  (no ring)
Stlth    +++.......             (no ring)
HPRegen  0.14/turn              (no ring)
MPRegen  0.10/turn              (no ring)
                                (no ring)
                                (no ring)

@: no status effects
A: almost no armour, stealthy swim, amphibious, 8 rings, constrict 8, camouflage
1, gelatinous body 1
a: no special abilities


You were on level 4 of the Dungeon.
You were not hungry.

You visited 1 branch of the dungeon, and saw 4 of its levels.

You collected 199 gold pieces.

Inventory:

Hand Weapons
 a - a +0 hand axe (weapon)
Missiles
 q - 2 tomahawks (quivered)
 s - 6 javelins
Armour
 u - a +0 shield (worn)
   (You found it on level 3 of the Dungeon)
Jewellery
 c - a ring of protection from cold (left tentacle)
   (You found it on level 1 of the Dungeon)
Scrolls
 d - a scroll of magic mapping {unknown}
 g - 3 scrolls of teleportation {unknown}
 h - a scroll of remove curse {unknown}
 i - a scroll of fog {unknown}
 j - a scroll of amnesia {unknown}
 l - a scroll of fear {unknown}
 r - a scroll of identify
 z - a scroll of blinking
Potions
 b - a potion of mutation
 f - a potion of experience {unknown}
 k - a potion of ambrosia {unknown}
 m - a potion of heal wounds {unknown}
 n - a potion of degeneration {unknown}
 p - 2 potions of cancellation {unknown}
 t - 3 potions of curing {unknown}
Comestibles
 e - 3 rations


   Skills:
 + Level 3.5 Fighting
 + Level 6.1 Axes
 - Level 3.1 Dodging
 - Level 3.0 Stealth
 + Level 1.0 Shields


You had 5 spell levels left.
You didn't know any spells.
Your spell library was empty.

Dungeon Overview and Level Annotations

Branches:
Dungeon (4/15)
 Temple: D:4-7

Altars:
Ashenzari
Gozag
Uskayaw


Innate Abilities, Weirdness & Mutations

You cannot wear most types of armour.
You are very stealthy in the water. (Stealth+)
You are amphibious.
You can wear up to eight rings at the same time.
You can use your tentacles to constrict eight enemies at once.
Your skin changes colour to match your surroundings (Stealth+).
Your rubbery body absorbs attacks. (AC +1, EV +1)


Message History

You see here 2 smoky puce potions.
An adder is nearby!
You miss the adder. You grab the adder. You constrict the adder.
The adder bites you but does no damage.
You hit the adder. You squeeze the adder.
The adder is heavily wounded.
You constrict the adder. You block the adder's attack. x2
You hit the adder.
The adder is almost dead.
You constrict the adder.
You kill the adder!
You now have 174 gold pieces (gained 11).
t - 3 smoky puce potions (gained 2) Some of the chunks of flesh in your inventory have rotted away.
All of the chunks of flesh in your inventory have rotted away.
You see here 14 bolts.
A goblin comes into view. It is wielding a dagger.
A goblin is nearby!
A bat comes into view.
Found 29 stones.
You see here 4 stones.
The helpless goblin fails to defend itself.
You hit the goblin.
You kill the goblin!
Things that are here:
a dagger; a goblin corpse You block the bat's attack.
The bat closely misses you. The bat barely misses you.
Your shield prevents you from hitting the bat.
You grab the bat. You squeeze the bat.
You kill the bat!
You butcher the goblin corpse.
o - 3 chunks of flesh You see here a dagger. x2
A goblin comes into view. It is wielding a club.
Found 10 gold pieces.
The goblin hits you with a club.
You hit the goblin.
You kill the goblin!
Things that are here:
a club; a goblin corpse
Found a scroll labeled SUEMATEBLA.
You butcher the goblin corpse.
o - 5 chunks of flesh (gained 2)
Things that are here:
a club; a goblin skeleton
Things that are here:
a club; a goblin skeleton You now have 184 gold pieces (gained 10).
A rat comes into view.
Found a stone staircase leading down.
A rat is nearby!
You see here a scroll labeled SUEMATEBLA.
The helpless rat fails to defend itself.
You slash the rat!
You kill the rat!
g - 3 scrolls labeled SUEMATEBLA (gained 1)
Things that are here:
a club; a goblin skeleton Eating one of 5 chunks of flesh.
You eat one of the 5 chunks of flesh.
This raw flesh tastes terrible.
You enter a teleport trap!
The teleport trap disappears.
Your surroundings suddenly seem different.
You see here a club.
There is a stone staircase leading down here.
Found a stone staircase leading up.
Found a stone staircase leading up.
Done exploring.
Done exploring.
Some of the chunks of flesh in your inventory have rotted away.
There is a stone staircase leading down here.
You climb downwards.
An orc comes into view. It is wielding a mace.
Found a robe and 15 gold pieces.
There is a stone staircase leading up here.
Found a runed spear, 27 gold pieces and a pair of boots.
Found a hide-covered altar of Uskayaw.
Found five items.
The helpless orc fails to defend itself.
You hit the orc. You grab the orc.
The orc is moderately wounded.
You constrict the orc. The orc closely misses you.
You hit the orc.
You kill the orc!
Your Shields skill increases to level 1!
The hound barks!
All of the chunks of flesh in your inventory have rotted away.
You see here a mace.
You now have 199 gold pieces (gained 15).
Found a stone staircase leading down.
An ogre comes into view. It is wielding a giant spiked club.
You aren't carrying any items that you can evoke.
You hit the ogre.
The ogre is lightly wounded.
The ogre hits you with a giant spiked club!
You hit the ogre.
The ogre is lightly wounded.
The ogre hits you with a giant spiked club!!
Ouch! That really hurt!
You die...

.# ######### ###.
#.......# #..
##+##.......#
#.####.#...........#
##.#... #...........#
#.#<.#.####...........#
.................>....#
.....#................#
........)...###.@O....#
............# #.......#
..#....##...# #.........
.....©.......##.........
.#########...##.........
##8$)_[h8##..##.........
#..!)$(!..#..##.........
#...o.. .#..##.........


You could see an ogre.

Vanquished Creatures
  A hound (D:2)
  A centaur skeleton (D:3)
  Natasha (twice) (D:2)
  Robin (D:2)
  5 adders
  2 oozes
  3 worms
  A dart slug (D:1)
  2 leopard geckos
  2 orcs
  4 giant cockroaches
  12 goblins
  9 hobgoblins
  6 jackals (D:3)
  A quokka (D:2)
  A ball python (D:1)
  9 bats
  6 frilled lizards
  9 kobolds
  A quokka zombie (D:3)
  4 rats
82 creatures vanquished.

Notes
Turn   | Place    | Note
-------+----------+-------------------------------------------
     0 | D:1      | AxeAttX the Octopode Monk began the quest for the Orb.
     0 | D:1      | Reached XP level 1. HP: 16/16 MP: 1/1
    81 | D:1      | Reached skill level 3 in Stealth
    81 | D:1      | Reached XP level 2. HP: 21/21 MP: 2/2
   702 | D:1      | Reached XP level 3. HP: 22/26 MP: 3/3
   875 | D:2      | Reached skill level 4 in Axes
   973 | D:2      | Found an opulent altar of Gozag.
  1019 | D:2      | Noticed Robin
  1032 | D:2      | Reached XP level 4. HP: 17/31 MP: 4/4
  1036 | D:2      | HP: 2/31 [goblin/club[Robin] (3)]
  1057 | D:2      | HP: 3/31 [goblin/club[Robin] (2)]
  1700 | D:2      | Noticed Natasha
  1702 | D:2      | Killed Natasha
  1702 | D:2      | Reached skill level 5 in Axes
  1947 | D:2      | Killed Robin
  1947 | D:2      | Reached XP level 5. HP: 20/36 MP: 5/5
  2025 | D:2      | Noticed Natasha
  2163 | D:2      | Killed Natasha
  2385 | D:3      | Found a shattered altar of Ashenzari.
  2396 | D:3      | Reached skill level 6 in Axes
  2653 | D:3      | Reached XP level 6. HP: 35/42 MP: 6/6
  3093 | D:4      | Found a hide-covered altar of Uskayaw.
  3098 | D:4      | Reached skill level 1 in Shields
  3112 | D:4      | Mangled by an ogre

Skill      XL: |  1  2  3  4  5  6 |
---------------+-------------------+-----
Stealth        | 3 |  3.0
Axes           | 4 5 6 |  6.1
Shields        | 1 |  1.0
Fighting       | |  3.5
Dodging        | |  3.1

Action                   |  1- 3 |  4- 6 || total
-------------------------+-------+-------++-------
Melee: Hand axe          |    57 |   112 ||   169
       Constrict         |    17 |    26 ||    43
       Tentacles         |    10 |    20 ||    30
  Use: Scroll            |       |     2 ||     2
 Stab: Sleeping          |    10 |    14 ||    24
  Eat: Chunk             |       |     7 ||     7
Armor: Skin              |     3 |     7 ||    10
Dodge: Dodged            |    37 |    66 ||   103
Block: Shield            |       |    11 ||    11

Vault maps used:
D:1:      zaba_arrival_water, minmay_pentomino_s2
D:2:      grunt_gozag_breadcrumbs, roderic_roman_lattice, uniq_robin,
          uniq_natasha
D:3:      nicolae_overflow_crystal_walls
D:4:      gammafunk_temple_overflow_arena, lemuel_doored_altar

Table legend:
 A = Turns spent in this place as a percentage of turns spent in the entire game.
 B = Non-inter-level travel turns spent in this place as a percentage of non-inter-level travel turns spent in the entire game.
 C = Inter-level travel turns spent in this place as a percentage of turns spent in this place.
 D = Turns resting spent in this place as a percentage of non-inter-level travel turns spent in this place.
 E = Turns spent auto-exploring this place as a percentage of non-inter-level travel turns spent in this place.
 F = Non-inter-level travel turns spent in this place divided by the number of levels of this place that you've seen.
                   A       B       C       D       E      F
               +-------+-------+-------+-------+-------+----------------------
         Total | 100.0 | 100.0 |   3.6 |  23.6 |  54.6 | 750.2
       Dungeon | 100.0 | 100.0 |   3.6 |  23.6 |  54.6 | 750.2
               +-------+-------+-------+-------+-------+----------------------

Table legend:
 A = Kills in this place as a percentage of kills in entire the game.
 B = Kills by you in this place as a percentage of kills by you in the entire game.
 C = Kills by friends in this place as a percentage of kills by friends in the entire game.
 D = Other kills in this place as a percentage of other kills in the entire game.
 E = Experience gained in this place as a percentage of experience gained in the entire game.
 F = Experience gained in this place divided by the number of levels of this place that you have seen.
                   A       B       C       D       E      F
               +-------+-------+-------+-------+-------+----------------------
         Total | 100.0 | 100.0 |   N/A |   N/A | 100.0 |  94.2
       Dungeon | 100.0 | 100.0 |   N/A |   N/A | 100.0 |  94.2
               +-------+-------+-------+-------+-------+----------------------
